 Dungeon Crawl Stone Soup version 0.29.1-14-g9c671dbff4 (webtiles) character file.

Game seed: 5282273426704152395

8996 cdecastro the Severer (level 11, -8/99 HPs)
             Began as a Hill Orc Fighter on Feb 13, 2023.
             Was a High Priest of Okawaru.
             Mangled by a sixfirhy (10 damage)
             ... summoned by a kobold demonologist
             ... on level 10 of the Dungeon on Feb 14, 2023.
             The game lasted 00:17:59 (11036 turns).

cdecastro the Severer (Hill Orc Fighter)           Turns: 11036, Time: 00:18:01

Health: -8/99      AC:  2    Str: 26    XL:     11   Next: 39%
Magic:  15/15      EV:  7    Int:  8    God:    Okawaru [*****.]
Gold:   773        SH:  0    Dex: 10    Spells: 10/10 levels left

rFire   . . .      SeeInvis .   a - +6 war axe of Waeraokh {vorpal, +Blink Will+ Str+2}
rCold   . . .      Faith    .   (no shield)
rNeg    . . .      Spirit   .   R - +0 plate armour
rPois   .          Reflect  .   V - +2 hat {Stlth+}
rElec   .          Harm     .   o - +0 cloak
rCorr   .          Rampage  .   m - +0 pair of gloves
Will    +....                   w - +2 pair of boots
Stlth   ..........              (no amulet)
HPRegen 0.26/turn               (no ring)
MPRegen 0.14/turn               (no ring)

@: confused, lethally poisoned (-8 -> -18), about to teleport, ambrosia-drunk,
spiked, corroded
A: no striking features
a: Renounce Religion, Evoke Blink, Heroism, Finesse, Duel


You were on level 10 of the Dungeon.
You worshipped Okawaru.
Okawaru was extremely pleased with you.
You visited 2 branches of the dungeon, and saw 11 of its levels.

You collected 773 gold pieces.

Inventory:

Hand Weapons
 a - the +6 war axe of Waeraokh (weapon) {vorpal, +Blink Will+ Str+2}
   (You found it on level 7 of the Dungeon)

   It inflicts extra damage upon your enemies.
   Str:       It affects your strength (+2).
   +Blink:    It lets you blink.
   Will:      It increases your willpower.
 b - the +8 whip "Snakebite" {venom, curare, rPois}
   (You found it on level 9 of the Dungeon)

   It poisons the flesh of those it strikes.
   It occasionally inflicts asphyxiating poison on those it strikes, dealing
   poison damage and causing slowness.
   rPois:     It protects you from poison.
 l - a +2 vorpal hand axe
 B - the +5 short sword "Vysugomi" {vamp, Str+4 Stlth+}
   (You found it on level 5 of the Dungeon)

   It occasionally heals its wielder for a portion of the damage dealt when it
   wounds a living foe.
   Str:       It affects your strength (+4).
   Stlth:     It makes you more stealthy.
 H - a +2 battleaxe
 I - a +0 war axe
 S - a +2 morningstar of freezing
Missiles
 j - 51 poisoned darts (quivered)
 L - 2 atropa-tipped darts
 Q - 2 silver javelins
 W - 3 curare-tipped darts
Armour
 c - a +0 buckler
 m - a +0 pair of gloves (worn)
 o - a +0 cloak (worn)
 t - a +0 helmet
 w - a +2 pair of boots (worn)
 R - a +0 plate armour (worn)
 V - a +2 hat of stealth (worn)
Magical Staves
 x - a staff of poison
 C - a staff of cold
Wands
 M - a wand of paralysis (4)
 O - a wand of quicksilver (12)
 X - a wand of flame (8)
Scrolls
 g - 3 scrolls of immolation {unknown}
 i - 2 scrolls of amnesia {unknown}
 k - 4 scrolls of teleportation
 n - 2 scrolls of magic mapping {unknown}
 p - 2 scrolls of brand weapon {unknown}
 r - 2 scrolls of summoning {unknown}
 v - 2 scrolls of vulnerability {unknown}
 y - a scroll of silence
 A - a scroll of fear {unknown}
 D - 2 scrolls of torment {unknown}
 E - a scroll of enchant weapon {unknown}
 J - 3 scrolls of noise {unknown}
 P - a scroll of blinking {unknown}
Potions
 d - a potion of might
 e - 3 potions of haste
 f - a potion of invisibility
 h - 6 potions of curing
 q - 2 potions of degeneration
 s - 2 potions of attraction
 u - a potion of berserk rage
 F - a potion of flight
 G - a potion of mutation
 K - a potion of lignification
 T - a potion of magic
 U - a potion of brilliance


   Skills:
 - Level 10.0 Fighting
 - Level 16.0 Axes
 - Level 10.0 Armour
 - Level 3.2 Shields
 + Level 5.8 Invocations


You had 10 spell levels left.
You didn't know any spells.
Your spell library contained the following spells:

 Spells                   Type           Power      Damage    Failure   Level
 Apportation              Tloc           0%         N/A       99%         1
 Necrotise                Necr           0%         1d4       99%         1
 Dazzling Flash           Conj/Hex       0%         N/A       100%        3
 Gell's Gravitas          Tloc           0%         N/A       100%        3
 Lesser Beckoning         Tloc           0%         N/A       100%        3
 Teleport Other           Tloc           0%         N/A       100%        3
 Agony                    Necr           0%         N/A       100%        5
 Silence                  Hex/Air        0%         N/A       100%        5
 Summon Small Mammal      Summ           Unusable   N/A       N/A         1

Dungeon Overview and Level Annotations

Branches:
Dungeon (10/15)            Temple (1/1) D:7            Lair (0/5) D:8
    Orc: D:9-12

Altars:
Ashenzari
Cheibriados
Dithmenos
Elyvilon
Fedhas
Gozag
Hepliaklqana
Kikubaaqudgha
Makhleb
Nemelex Xobeh
Okawaru
Qazlal
Ru
Sif Muna
Trog
Uskayaw
Vehumet
Wu Jian
Xom
Yredelemnul
Zin
The Shining One

Shops:
D:5 =

Annotations:
D:9 6 runed translucent doors


Message History

The barbs in your skin will harm you if you move.
Continue?
Okay, then.
The barbs in your skin will harm you if you move.
Continue?
Okay, then.
Unknown command.
Unknown command.
You feel much better. The rust devil hits you. The rust devil corrodes you!
The ufetubus hits you. The ufetubus closely misses you.
The red devil hits you from afar with a +2 demon trident of venom!
* * * LOW HITPOINT WARNING * * *
Barbed spikes become lodged in your body.
You are poisoned.
Unknown command.
Unknown command.
You slash the sixfirhy!
The sixfirhy is moderately wounded.
You hit the rust devil. You hit the ufetubus.
You feel very sick. The sixfirhy hits you.
* * * LOW HITPOINT WARNING * * *
The sixfirhy shocks you!
* * * LOW HITPOINT WARNING * * *
The sixfirhy hits you.
* * * LOW HITPOINT WARNING * * *
The sixfirhy shocks you!
* * * LOW HITPOINT WARNING * * *
The ufetubus hits you.
* * * LOW HITPOINT WARNING * * *
The ufetubus closely misses you. The rust devil hits you.
* * * LOW HITPOINT WARNING * * *
The rust devil corrodes you!
Unknown command.
You are confused.
You feel invigorated.
* * * LOW HITPOINT WARNING * * *
You feel very sick. The sixfirhy hits you!
* * * LOW HITPOINT WARNING * * *
The sixfirhy shocks you!
You die...

# # # # ##########.#
#..........# ####
#..........#
...##########...5......#
...)............544..)..
...##########...@3K5.$.#
#### ##########.# .


You could see a rust devil (summoned), a kobold demonologist, a sixfirhy
(summoned), a red devil (summoned), a quasit (summoned), a white imp (summoned)
and an ufetubus (summoned).

Vanquished Creatures
  2 two-headed ogres
  Maurice (D:8)
  A kobold demonologist (D:8)
  A troll (D:10)
  A jumping spider (D:9)
  2 vampires
  16 yaks
  A steam dragon (D:9)
  A wyvern (D:9)
  A redback (D:9)
  3 vampire mosquitoes (D:10)
  3 orc warriors
  An ice beast (D:6)
  2 ogres (D:5)
  5 centaurs
  A phantom (D:6)
  2 kobold brigands
  A gnoll sergeant (D:8)
  4 bullfrogs
  5 scorpions
  4 necrophages
  8 wights
  A howler monkey (D:6)
  A gnoll bouda (D:6)
  A jelly (D:5)
  7 orc priests
  5 hounds
  Jessica (D:3)
  6 iguanas
  6 orc wizards
  12 gnolls
  8 adders
  4 white imps
  A dart slug (D:2)
  27 orcs
  6 ball pythons
  5 bats
  6 endoplasms
  4 giant cockroaches
  18 goblins
  6 hobgoblins
  5 jackals
  26 kobolds
  8 quokkas
  4 frilled lizards
  5 rats
239 creatures vanquished.

Vanquished Creatures (others)
  2 plants (D:9)
2 creatures vanquished.

Grand Total: 241 creatures vanquished

Notes
Turn   | Place    | Note
-------+----------+-------------------------------------------
     0 | D:1      | cdecastro the Hill Orc Fighter began the quest for the Orb.
     0 | D:1      | Reached XP level 1. HP: 19/19 MP: 1/1
    37 | D:1      | Reached skill level 3 in Axes
    56 | D:1      | Reached XP level 2. HP: 26/26 MP: 2/2
   230 | D:1      | Reached skill level 4 in Axes
   636 | D:1      | Reached XP level 3. HP: 27/31 MP: 3/3
   881 | D:2      | Found a faded altar of an unknown god.
   941 | D:2      | Reached skill level 5 in Axes
  1117 | D:2      | Found an iron altar of Okawaru.
  1129 | D:2      | Became a worshipper of Warmaster Okawaru
  1297 | D:2      | Reached XP level 4. HP: 39/39 MP: 4/4
  1459 | D:2      | Reached skill level 6 in Axes
  2128 | D:3      | Noticed Jessica
  2135 | D:3      | Killed Jessica
  2136 | D:3      | Reached XP level 5. HP: 37/45 MP: 5/5
  2245 | D:3      | Reached skill level 7 in Axes
  2290 | D:3      | Found a sparkling altar of Nemelex Xobeh.
  3047 | D:4      | Found an opulent altar of Gozag.
  3071 | D:4      | Found a radiant altar of Vehumet.
  3100 | D:4      | Reached skill level 8 in Axes
  3100 | D:4      | Reached XP level 6. HP: 45/51 MP: 6/6
  3367 | D:4      | Found a white marble altar of Elyvilon.
  3447 | D:4      | Found a glowing golden altar of the Shining One.
  4052 | D:5      | Entered Level 5 of the Dungeon
  4087 | D:5      | Identified the +5 short sword "Vysugomi" {vamp, Str+4
                  | Stlth+}
  4105 | D:5      | Reached skill level 9 in Axes
  4166 | D:5      | Reached * piety under Okawaru
  4225 | D:5      | Reached XP level 7. HP: 49/57 MP: 7/7
  4297 | D:5      | Reached skill level 10 in Axes
  4343 | D:5      | Noticed a vampire
  4406 | D:5      | Reached skill level 5 in Fighting
  4814 | D:6      | Reached XP level 8. HP: 42/71 MP: 8/8
  5153 | D:6      | Reached ** piety under Okawaru
  5210 | D:6      | Found an ornate altar of the Wu Jian Council.
  5728 | D:7      | Reached skill level 10 in Fighting
  5728 | D:7      | Reached skill level 1 in Invocations
  5937 | D:7      | Reached XP level 9. HP: 69/84 MP: 10/12
  6080 | D:7      | Found a shadowy altar of Dithmenos.
  6119 | D:7      | Reached skill level 5 in Invocations
  6193 | D:7      | Identified the +6 war axe of Waeraokh {vorpal, +Blink Will+
                  | Str+2}
  6279 | D:7      | Found a staircase to the Ecumenical Temple.
  6424 | Temple   | Entered the Ecumenical Temple
  6676 | D:8      | Noticed Maurice
  6701 | D:8      | Found a broken altar of Ashenzari.
  6746 | D:8      | Killed Maurice
  6746 | D:8      | Reached *** piety under Okawaru
  6747 | D:8      | Reached skill level 11 in Axes
  6840 | D:8      | Reached skill level 12 in Axes
  6851 | D:8      | Reached skill level 13 in Axes
  7036 | D:8      | Found a sacrificial altar of Ru.
  7051 | D:8      | Found a staircase to the Lair.
  7479 | D:8      | Noticed a kobold demonologist
  7490 | D:8      | Noticed a smoke demon
  7491 | D:8      | Noticed a red devil
  7496 | D:8      | Killed a kobold demonologist
  7496 | D:8      | Reached **** piety under Okawaru
  7497 | D:8      | Reached skill level 14 in Axes
  7497 | D:8      | Reached XP level 10. HP: 93/93 MP: 13/13
  7720 | D:8      | Reached skill level 15 in Axes
  8010 | D:5      | Found Esoxaz's Jewellery Shop.
  8376 | D:5      | Found a glowing silver altar of Zin.
  8741 | D:8      | Found a shimmering blue altar of Sif Muna.
  8948 | D:9      | Found a bloodstained altar of Trog.
  9135 | D:9      | Reached skill level 16 in Axes
  9142 | D:9      | Reached ***** piety under Okawaru
  9146 | D:9      | Reached skill level 5 in Armour
  9659 | D:9      | Reached XP level 11. HP: 98/99 MP: 14/14
  9708 | D:9      | Noticed a two-headed ogre
  9728 | D:9      | Killed a two-headed ogre
 10177 | D:9      | Found a runed translucent door.
 10286 | D:9      | Found the +8 whip "Snakebite" {venom, curare, rPois}
 10547 | D:9      | Found a runed translucent gate.
 10548 | D:9      | Noticed a boulder beetle
 10549 | D:9      | Found a runed translucent gate.
 10551 | D:9      | Found a runed translucent gate.
 10551 | D:9      | Found a runed translucent gate.
 10551 | D:9      | Found a runed translucent gate.
 10551 | D:9      | Noticed a lindwurm
 10551 | D:9      | Noticed a boulder beetle
 10552 | D:9      | Found a runed translucent gate.
 10622 | D:10     | Entered Level 10 of the Dungeon
 10963 | D:10     | Noticed a two-headed ogre
 10971 | D:10     | Killed a two-headed ogre
 10972 | D:10     | Reached skill level 10 in Armour
 11024 | D:10     | Noticed a sixfirhy
 11036 | D:10     | HP: 2/99 [sixfirhy[a kobold demonologist] (8)]
 11036 | D:10     | Mangled by a sixfirhy

Illustrated notes

Levels and vault maps discovered:
D:1:      roderic_octagonal_star, layout_rooms
D:2:      cheibrodos_greedy_goblins, layout_loops_corners,
          shapermc_ecumenical_altar_ellora, basic_altar, minmay_door_square
D:3:      layout_loops_ring, nemelex_spade_bored_becter,
          minmay_increasing_density, uniq_jessica
D:4:      wad_pebble_path, layout_basic, mainiacjoe_overflow_swirl,
          mainiacjoe_overflow_alcove_1, nicolae_gozag_seed_capital
D:5:      cheibrodos_iron_armory, layout_rooms, nicolae_overflow_hidden_temple,
          serial_shops, shop, minmay_fractal_squares_diagonal_5
D:6:      layout_cave_pools, pdpol_wu_jian_five_deadly_venoms
D:7:      layout_rooms, kennysheep_mini, minmay_temple_entry_waves,
          hangedman_decor_points
D:8:      layout_basic, mainiacjoe_overflow_brackets, evilmike_ruin_ashenzari,
          nicolae_overflow_crystal_walls, lair_entry_dummy, uniq_maurice
D:9:      gammafunk_indiana_jones, layout_irregular_city,
          mainiacjoe_overflow_alcove_4
D:10:     layout_basic
Temple:   jpeg_temple_alley_garden

Skill      XL: |  1  2  3  4  5  6  7  8  9 10 11 |
---------------+----------------------------------+-----
Axes           | 3 4 5 6 8 9 10 14 16 | 16.0
Fighting       | 6 10 | 10.0
Invocations    | 4 5 |  5.8
Armour         | 7 10 | 10.0
Shields        | |  3.2

Action                   |  1- 3 |  4- 6 |  7- 9 | 10-12 || total
-------------------------+-------+-------+-------+-------++-------
Melee: War axe           |    31 |       |    78 |   228 ||   337
       Hand axe          |    62 |   160 |   170 |       ||   392
       Punch             |     1 |     1 |     1 |     2 ||     5
Throw: Dart              |       |       |       |     5 ||     5
Invok: Heroism           |       |       |     1 |       ||     1
  Use: Scroll            |       |       |       |    15 ||    15
       Potion            |       |       |       |     3 ||     3
 Stab: Distracted        |       |       |       |     1 ||     1
Armor: Scale mail        |    44 |    82 |    91 |    32 ||   249
       Plate armour      |       |       |       |    76 ||    76
Dodge: Dodged            |    39 |    79 |    93 |    60 ||   271
